Map: Catalyst LE

Players

LiquidTLO (TLO) - Winner!

  • Race: Zerg Zerg
  • Spawn Location: 5:00

souL

  • Race: Terran Terran
  • Spawn Location: 11:00

Event: WCS Leipzig 2018

VOD

Have the link to the VOD?

Description

Time

  • Played on: Jan. 26, 2018, 10:54 a.m.
  • Length: 14:00

All games in this series

Show
View Real Time Build Order
Export as new Build Order

LiquidTLO Zerg - Winner!

Build Orders: Pool First 

Get SALT Encoding   

  12  0:00  Drone  
  13  0:13  Overlord  
  13  0:17  Drone  
  14  0:31  Drone  
  14  0:32  Drone  
  16  0:41  Spawning Pool  
  15  0:44  Drone  
  15  0:47  Drone  
  17  1:09  Hatchery  
  16  1:12  Drone  
  16  1:16  Drone  
  18  1:20  Extractor  
  17  1:27  Zergling x2  
  17  1:29  Zergling x2  
  19  1:33  Queen  
  21  1:40  Overlord  
  21  1:57  Drone  
  22  2:03  Drone  
  23  2:09  Queen  
  23  2:15  Drone  
  26  2:20  Metabolic Boost  
  26  2:22  Queen  
  29  2:30  Drone  
  29  2:36  Drone  
  30  2:38  Drone  
  30  2:40  Drone  
  30  2:43  Overlord  
  32  2:44  Drone  
  32  2:48  Drone x2  
  34  2:52  Drone  
  34  2:57  Overlord  
  35  3:11  Hatchery  
  34  3:17  Zergling x2  
  34  3:18  Drone  
  36  3:20  Drone  
  36  3:23  Drone  
  36  3:24  Drone  
  36  3:25  Drone  
  36  3:26  Drone  
  41  3:29  Drone  
  41  3:32  Zergling x2  
  43  3:34  Drone  
  43  3:36  Drone  
  43  3:40  Drone  
  46  3:41  Pneumatized Carapace  
  46  3:43  Extractor  
  46  3:44  Zergling x2  
  46  3:47  Zergling x2  
  47  3:50  Zergling x2  
  47  3:51  Zergling x2  
  49  3:58  Zergling x2  
  49  3:59  Zergling x2  
  49  4:01  Baneling Nest, Drone  
  49  4:02  Drone, Evolution Chamber  
  51  4:04  Drone  
  51  4:08  Overlord  
  52  4:11  Overlord  
  51  4:18  Overlord  
  51  4:22  Overlord  
  51  4:25  Overlord  
  51  4:28  Zergling x4  
  51  4:29  Zergling x2  
  54  4:36  Queen  
  54  4:37  Zergling x2  
  57  4:39  Zergling x2  
  57  4:45  Zergling x2  
  59  4:46  Zergling x6  
  59  4:48  Zergling x2  
  59  4:51  Zergling x2  
  59  4:54  Zergling x2  
  59  4:57  Zergling x2  
  62  5:00  Zergling x2  
  62  5:01  Zergling x2  
  63  5:07  Zergling x2  
  63  5:09  Baneling x5  
  63  5:11  Baneling x3  
  63  5:14  Zergling x2  
  63  5:20  Baneling x3, Zergling x2  
  63  5:21  Baneling  
  65  5:24  Zergling x2  
  65  5:25  Zergling x2  
  65  5:28  Baneling  
  66  5:40  Zergling x2  
  66  5:41  Zergling x4  
  60  5:45  Zergling x2  
  60  5:46  Zergling x4  
  60  5:47  Zergling x2  
  60  5:48  Zergling x2  
  60  5:50  Zergling x2  
  60  5:52  Zergling x2  
  60  5:55  Zergling x2  
  60  5:56  Drone  
  61  5:57  Drone  
  61  6:03  Drone x2  
  62  6:06  Lair  
  62  6:10  Drone  
  61  6:12  Drone  
  61  6:17  Drone, Queen  
  61  6:18  Drone  
  66  6:31  Drone  
  67  6:32  Zergling x2  
  67  6:37  Drone  
  67  6:38  Drone x3  
  67  6:39  Drone x2  
  56  6:40  Drone  
  56  6:44  Queen  
  56  6:45  Drone  
  58  6:47  Zergling x2  
  58  6:50  Drone  
  58  6:52  Queen  
  62  6:56  Zergling x2  
  62  6:57  Extractor  
  62  6:58  Extractor  
  62  7:00  Drone  
  62  7:01  Spore Crawler  
  61  7:02  Spore Crawler  
  61  7:03  Spore Crawler  
  61  7:04  Zergling x2  
  61  7:05  Drone  
  61  7:11  Spire  
  61  7:13  Drone  
  61  7:14  Drone  
  62  7:16  Baneling x2  
  62  7:17  Overseer  
  62  7:18  Drone  
  62  7:20  Drone, Queen  
  62  7:22  Drone  
  64  7:24  Drone  
  64  7:26  Drone  
  64  7:28  Drone  
  67  7:30  Drone  
  67  7:34  Drone x4  
  67  7:35  Drone  
  67  7:36  Drone  
  74  7:38  Drone  
  74  7:41  Drone, Extractor x2  
  75  7:44  Drone  
  75  7:47  Baneling x2  
  75  7:48  Zergling x2  
  75  7:51  Zergling x2  
  77  7:55  Zergling x2  
  77  7:57  Zergling x2  
  79  7:59  Zergling x2  
  79  8:01  Zergling x4  
  79  8:02  Overlord  
  79  8:03  Overlord  
  82  8:06  Overlord x2  
  82  8:09  Overlord  
  82  8:10  Zergling x2  
  76  8:26  Mutalisk  
  75  8:27  Mutalisk x3  
  75  8:28  Mutalisk  
  75  8:29  Mutalisk  
  75  8:31  Zergling x2  
  75  8:33  Zergling x2  
  89  8:35  Zergling x2  
  89  8:36  Zergling x2  
  89  8:38  Zergling x2  
  92  8:47  Mutalisk x2  
  92  8:48  Mutalisk  
  96  8:52  Zergling x4  
  98  8:56  Mutalisk  
  98  8:59  Zergling x4  
  102  9:04  Mutalisk  
  102  9:08  Mutalisk  
  102  9:09  Zergling x2  
  107  9:10  Zergling x2  
  107  9:11  Zergling x2  
  109  9:17  Mutalisk  
  109  9:19  Overlord  
  109  9:20  Zergling x2  
  109  9:21  Zergling x4  
  114  9:25  Zergling x2  
  114  9:26  Overlord  
  114  9:29  Mutalisk  
  117  9:31  Mutalisk  
  119  9:45  Baneling x8  
  119  9:48  Drone, Zergling x4  
  122  9:53  Mutalisk  
  122  9:58  Mutalisk  
  125  10:06  Mutalisk  
  124  10:09  Drone  
  124  10:11  Drone, Roach Warren  
  124  10:13  Drone x2  
  124  10:14  Drone  
  128  10:15  Drone  
  128  10:16  Drone  
  128  10:17  Drone  
  128  10:20  Drone  
  131  10:21  Hatchery  
  130  10:29  Drone  
  131  10:37  Drone  
  128  10:44  Hydralisk Den  
  128  10:49  Evolution Chamber  
  125  10:52  Drone x14  
  139  11:02  Glial Reconstitution  
  135  11:06  Roach x3  
  135  11:11  Centrifical Hooks  
  141  11:12  Roach x2  
  141  11:15  Overlord  
  141  11:16  Overlord  
  145  11:19  Baneling x5  
  145  11:20  Baneling  
  145  11:24  Muscular Augments  
  145  11:27  Zerg Missile Weapons Level 1  
  145  11:33  Hydralisk x2  
  145  11:39  Hydralisk x2  
  153  11:42  Hydralisk x2  
  153  11:47  Hydralisk  
  153  11:48  Hydralisk  
  153  11:51  Ravager, Baneling  
  158  11:54  Hydralisk x2  
  158  11:58  Hydralisk  
  152  12:06  Hydralisk  
  156  12:12  Roach  
  156  12:13  Roach  
  151  12:16  Hydralisk x2  
  151  12:17  Hydralisk  
  151  12:18  Zergling x2  
  151  12:20  Zergling x2  
  151  12:21  Zergling x6  
  158  12:25  Overlord  
  158  12:27  Zergling x4  
  158  12:28  Zergling x2  
  161  12:31  Zergling x2  
  161  12:37  Baneling x7  
  157  12:38  Roach  
  157  12:42  Roach  
  155  12:46  Roach  
  136  12:58  Roach x2  
  111  12:59  Drone x3  
  111  13:00  Drone  
  111  13:01  Drone  
  111  13:06  Roach x2  
  111  13:07  Roach x2  
  117  13:13  Hatchery  
  117  13:15  Extractor, Hydralisk  
  117  13:16  Roach  
  118  13:25  Roach  
  108  13:27  Roach x3  
  108  13:29  Hydralisk  
  108  13:31  Roach  
  108  13:34  Roach  
  114  13:35  Roach  
  104  13:42  Drone  
  109  13:50  Extractor  
Show
View Real Time Build Order
Export as new Build Order

souL Terran 

Build Orders: Gas First Reaper Expand, Reaper Expand, Hellion Banshee 

Get SALT Encoding   

  12  0:00  SCV  
  13  0:12  SCV  
  14  0:17  Supply Depot  
  14  0:24  SCV  
  15  0:30  Refinery  
  15  0:38  SCV  
  16  0:45  Barracks  
  16  0:51  SCV  
  17  1:03  SCV  
  18  1:17  SCV  
  19  1:32  Orbital Command, Reaper  
  20  1:44  Command Center  
  20  1:55  Factory  
  21  2:01  SCV  
  21  2:09  Supply Depot  
  21  2:10  Barracks Reactor  
  21  2:15  SCV  
  22  2:20  Refinery  
  22  2:27  SCV  
  23  2:39  SCV  
  24  2:48  Marine x2  
  24  2:50  Starport  
  26  2:51  SCV  
  27  3:00  Bunker, Widow Mine  
  27  3:03  SCV  
  30  3:06  Marine  
  31  3:14  Marine  
  31  3:15  SCV  
  33  3:21  Orbital Command  
  33  3:27  SCV  
  33  3:29  Medivac  
  36  3:38  Hellion  
  36  3:39  Hellion, SCV  
  36  3:41  Barracks Tech Lab  
  41  3:48  SCV  
  41  3:52  SCV  
  42  4:00  SCV  
  42  4:01  Supply Depot  
  43  4:04  SCV  
  44  4:10  Hellion  
  44  4:14  Cloaking Field  
  46  4:22  SCV x2, Hellion, Banshee  
  53  4:24  Supply Depot  
  53  4:25  Supply Depot  
  53  4:34  SCV  
  54  4:44  SCV, Command Center  
  54  4:46  SCV  
  54  4:54  Hellion x2  
  54  4:56  SCV  
  59  5:00  Factory  
  59  5:03  Factory  
  59  5:05  Refinery  
  60  5:09  Armory  
  60  5:12  SCV  
  61  5:17  Bunker  
  61  5:20  Cyclone  
  63  5:23  Bunker  
  63  5:25  Cyclone  
  66  5:32  SCV  
  67  5:43  SCV  
  67  5:49  SCV  
  60  5:56  Hellion x3  
  61  5:57  Hellion  
  61  6:00  SCV  
  61  6:01  SCV  
  58  6:12  SCV  
  58  6:13  SCV  
  60  6:22  Orbital Command  
  60  6:24  SCV  
  61  6:32  Supply Depot  
  61  6:38  SCV  
  61  6:39  Hellion  
  61  6:44  Supply Depot  
  61  6:45  Supply Depot  
  61  6:51  Armory x2  
  61  6:53  SCV x3  
  61  6:54  Hellion  
  66  6:58  Refinery  
  66  6:59  Supply Depot  
  66  7:01  Factory Tech Lab  
  66  7:05  SCV x3  
  69  7:10  Starport Reactor  
  69  7:17  SCV x3  
  69  7:22  Engineering Bay  
  75  7:30  SCV x3  
  75  7:39  Thor x2  
  75  7:42  SCV x2  
  75  7:43  Supply Depot, Terran Vehicle Weapons Level 1  
  89  7:47  Orbital Command  
  89  7:54  SCV  
  89  7:55  SCV  
  89  7:56  Refinery  
  89  7:57  Medivac  
  90  7:58  Refinery  
  90  8:00  Supply Depot  
  90  8:06  SCV  
  90  8:07  SCV  
  90  8:08  Hellion  
  90  8:11  Supply Depot  
  94  8:14  SCV, Missile Turret  
  95  8:22  Siege Tank  
  95  8:25  SCV x2  
  95  8:26  Factory  
  100  8:27  SCV, Factory  
  101  8:37  SCV x2  
  101  8:39  SCV  
  104  8:41  Hellion, Supply Depot  
  104  8:42  Supply Depot x2  
  104  8:44  Infernal Pre-Igniter  
  104  8:47  Terran Vehicle And Ship Armor Level 1  
  106  8:51  SCV x2  
  106  8:55  SCV  
  109  9:02  Supply Depot  
  109  9:04  SCV  
  109  9:05  SCV, Supply Depot x2  
  109  9:07  SCV, Supply Depot  
  109  9:08  Siege Tank  
  115  9:13  Factory Tech Lab, Factory Reactor  
  118  9:21  Viking  
  120  9:34  Supply Depot  
  120  9:36  Supply Depot  
  120  9:38  Sensor Tower  
  112  9:41  Thor  
  112  9:43  Missile Turret  
  112  9:44  Missile Turret  
  112  9:45  Thor  
  117  9:51  Cyclone  
  117  9:52  Orbital Command  
  120  9:56  Viking x2  
  118  10:02  Thor  
  109  10:13  Hellion  
  101  10:24  Siege Tank  
  109  10:34  Hellion  
  104  10:37  Medivac  
  104  10:40  Hellion  
  104  10:42  Hellion  
  108  10:44  Hellion  
  108  10:45  Siege Tank  
  113  10:50  Siege Tank  
  113  10:55  Hellion  
  113  10:56  Hellion  
  117  11:00  Command Center  
  117  11:10  Missile Turret  
  117  11:14  Supply Depot x2  
  117  11:17  Hellion  
  122  11:19  Medivac  
  127  11:40  Thor x2  
  117  12:06  Hellion x4  
  117  12:07  Viking  
  98  12:42  Hellion  
  98  12:44  Hellion  
  94  12:55  Hellion  
  48  13:09  Hellion  
  48  13:13  Orbital Command  
Tags
 
Add a new tag
Caveats
  • Supply blocks, unpowered buildings, or Contaminate may cause inaccurate times.
  • Supply counts are checked every 10 seconds.